 Dungeon Crawl Stone Soup version 0.18.1-1-g2f07953 (webtiles) character file.

3567 Chiseanne the Basher (level 10, -8/110 HPs)
             Began as an Ogre Air Elementalist on May 7, 2016.
             Was an Initiate of Gozag.
             Mangled by Grum
             ... wielding a +0 glaive
              (15 damage)
             ... on level 8 of the Dungeon.
             The game lasted 00:29:10 (12631 turns).

Chiseanne the Basher (Ogre Air Elementalist)       Turns: 12631, Time: 00:29:11

Health: -8/110     AC:  4    Str: 15    XL:     10   Next: 9%
Magic:  0/23       EV: 10    Int: 14    God:    Gozag
Gold:   53         SH:  0    Dex: 13    Spells: 7 memorised, 11 levels left

rFire  + . .     SeeInvis .     a - +6 flail (drain)
rCold  + . .     Gourm    .     g - +0 robe
rNeg   . . .     Faith    .     (no shield)
rPois  .         Spirit   +     (helmet restricted)
rElec  .         Dismiss  .     x - +0 cloak
rCorr  .         Reflect  .     (gloves unavailable)
SustAt .         Harm     .     (boots unavailable)
MR     +....                    l - amulet of guardian spirit
Stlth  ++........               z - ring of protection from fire
                                t - ring of protection from cold

@: singing, gold aura, somewhat resistant to hostile enchantments, unstealthy
A: unfitting armour, tough skin 1
a: Potion Petition, Call Merchant, Bribe Branch, Renounce Religion, Stop Singing


You were on level 8 of the Dungeon.
You worshipped Gozag.
Gozag was noncommittal.
You were not hungry.

You visited 2 branches of the dungeon, and saw 9 of its levels.

You collected 586 gold pieces.
You spent 430 gold pieces at shops.
You paid 103 gold pieces to Gozag.

Inventory:

Hand Weapons
 a - a +6 flail of draining (weapon)
 s - a +0 giant spiked club
 w - a +2 hunting sling of freezing
Missiles
 e - 58 bolts
 f - 225 stones
 i - 139 arrows
 j - 111 sling bullets
 v - 6 tomahawks (quivered)
Armour
 g - a +0 robe (worn)
 x - a +0 cloak (worn)
 y - a +0 shield
Jewellery
 l - an amulet of guardian spirit (around neck)
 t - a ring of protection from cold (left hand)
 z - a ring of protection from fire (right hand)
Wands
 k - a wand of paralysis (14/24)
Scrolls
 h - 8 scrolls of identify
 p - 4 scrolls of recharging
 q - 2 scrolls of blinking
 r - 3 scrolls of teleportation
 B - a scroll of enchant armour
 C - a scroll of remove curse
Potions
 m - 3 potions of flight
Books
 b - a book of Air

   Spells                             Type                      Level
   a - Shock                          Conjuration/Air              1
   b - Swiftness                      Charms/Air                   2
   c - Repel Missiles                 Charms/Air                   2
   d - Static Discharge               Conjuration/Air              3
   e - Lightning Bolt                 Conjuration/Air              5
 o - a book of Battle

   Spells                             Type                      Level
   a - Infusion                       Charms                       1
   b - Shroud of Golubria             Charms/Translocation         2
   c - Song of Slaying                Charms                       2
   d - Spectral Weapon                Hexes/Charms                 3
   e - Regeneration                   Charms/Necromancy            3
Comestibles
 c - 6 bread rations
 n - 4 meat rations


   Skills:
 - Level 10.2 Fighting
 * Level 10.6 Maces & Flails
 * Level 1.0 Throwing
 - Level 1.7 Dodging
 - Level 1.5 Stealth
 * Level 9.2 Spellcasting
 - Level 0.6 Conjurations
 - Level 2.1 Air Magic


You had 11 spell levels left.
You knew the following spells:

 Your Spells              Type           Power        Failure   Level  Hunger
a - Shock                 Conj/Air       ##..         10%         1    None
b - Shroud of Golubria    Chrm/Tloc      #.........   21%         2    None
c - Song of Slaying       Chrm           #.......     21%         2    None
d - Static Discharge      Conj/Air       ##......     21%         3    #......
f - Repel Missiles        Chrm/Air       #.....       14%         2    None
g - Regeneration          Chrm/Necr      #.........   38%         3    #......
h - Spectral Weapon       Hex/Chrm       #.......     38%         3    #......


Dungeon Overview and Level Annotations

Branches:
Dungeon (8/15)             Temple (1/1) D:6
   Lair: D:8-11

Altars:
Ashenzari
Cheibriados
Elyvilon
Fedhas
Gozag
Kikubaaqudgha
Makhleb
Nemelex Xobeh
Okawaru
Pakellas
Qazlal
Ru
Sif Muna
Trog
Vehumet
Xom
Yredelemnul
Zin
The Shining One

Shops:
D:6 %   D:7 ??((

Annotations:
D:8 Grum


Innate Abilities, Weirdness & Mutations

You are too large for most types of armour.
You have tough skin (AC +1).


Message History

Drink which item? (? for menu, Esc to quit)
Okay, then.
You barely miss Grum.
Grum is almost dead.
The rat bites something.
The rat twitches its whiskers.
A bat comes into view.
You barely miss Grum.
Grum is almost dead.
The bat moves out of view.
Grum closely misses you.
The rat bites something but does no damage.
The bat is distracted by the nearby gold.
You hit Grum.
Grum is almost dead.
The crocodile is no longer distracted by gold.
The wolf is no longer distracted by gold.
The rat bites something but does no damage.
Grum hits you with a glaive!
You die...
Your body crumbles into a pile of gold.
P...P.. ##### Yr.YbP. ##...## t.PPP.. ##.....### bP.P... #........### ..rb... #..........# Yhr....

#........#.####Yrr..##
#......#.#..$@ghtr....
#.#...##.########b####
#........# ####.#####
#.# #.# #.#### #.##.##
#...<.#### $


You could see Grum, a yak, a crocodile, 2 wolves, 2 bats and 5 rats.

Vanquished Creatures
  Joseph (D:7)
  Prince Ribbit (D:7)
  A wyvern (D:7)
  Edmund (D:5)
  A water moccasin (D:7)
  3 sky beasts
  An orc warrior (D:7)
  A phantom (D:6)
  3 ogres
  2 wolves (D:8)
  4 centaurs (D:6)
  A big kobold (D:7)
  5 killer bees (D:7)
  A scorpion (D:6)
  5 wights (D:6)
  A howler monkey (D:5)
  3 crimson imps
  A quasit (D:4)
  A giant frog zombie (D:4)
  A hound (D:6)
  3 orc priests
  2 orc wizards
  A centaur skeleton (D:4)
  4 iguanas
  Ijyb (D:2)
  6 worker ants
  2 hound zombies
  4 gnolls
  9 adders
  A shadow imp (D:5)
  2 oozes
  2 adder skeletons
  2 worms
  A dart slug (D:2)
  5 giant geckos
  21 orcs
  A ball python (D:4)
  13 bats
  7 giant cockroaches
  6 goblins
  8 hobgoblins
  7 jackals
  6 quokkas
  2 giant newts (D:2)
  8 kobolds
  A quokka skeleton (D:5)
  10 rats
  A plant (D:6)
174 creatures vanquished.

Vanquished Creatures (others)
  2 fungi (D:8)
2 creatures vanquished.

Grand Total: 176 creatures vanquished

Notes
Turn   | Place    | Note
--------------------------------------------------------------
     0 | D:1      | Chiseanne the Ogre Air Elementalist began the quest for the Orb.
     0 | D:1      | Reached XP level 1. HP: 16/16 MP: 3/3
   235 | D:1      | Reached skill level 1 in Fighting
   355 | D:1      | Reached skill level 1 in Maces & Flails
   462 | D:1      | Reached XP level 2. HP: 20/27 MP: 0/5
  1135 | D:1      | Reached XP level 3. HP: 34/35 MP: 7/7
  2195 | D:2      | Noticed Ijyb
  2222 | D:2      | Killed Ijyb
  2222 | D:2      | Reached XP level 4. HP: 34/44 MP: 4/9
  2677 | D:2      | Found a snail-covered altar of Cheibriados.
  2820 | D:2      | Learned a level 2 spell: Repel Missiles
  2825 | D:2      | Learned a level 3 spell: Static Discharge
  3215 | D:3      | Reached XP level 5. HP: 39/53 MP: 7/10
  4373 | D:4      | Noticed an ogre
  4386 | D:4      | Killed an ogre
  4386 | D:4      | Reached XP level 6. HP: 13/63 MP: 0/12
  5657 | D:4      | Reached skill level 5 in Fighting
  5657 | D:4      | Reached skill level 5 in Maces & Flails
  5828 | D:4      | Reached XP level 7. HP: 46/72 MP: 0/14
  5957 | D:4      | Reached skill level 5 in Spellcasting
  6242 | D:5      | Entered Level 5 of the Dungeon
  6560 | D:5      | Noticed Edmund
  6608 | D:5      | Killed Edmund
  7006 | D:5      | Found an iron altar of Okawaru.
  7587 | D:5      | Reached XP level 8. HP: 81/84 MP: 10/16
  8779 | D:6      | Found a staircase to the Ecumenical Temple.
  8806 | Temple   | Entered the Ecumenical Temple
  8886 | D:6      | Found Agidag's Food Emporium.
  8988 | D:6      | Found an ancient bone altar of Kikubaaqudgha.
  9127 | D:6      | Found a blossoming altar of Fedhas.
  9301 | D:6      | Reached XP level 9. HP: 81/96 MP: 16/20
 10042 | D:6      | Found a sparkling altar of Nemelex Xobeh.
 10042 | D:6      | Found an opulent altar of Gozag.
 10056 | D:6      | Became a worshipper of Gozag Ym Sagoz the Greedy
 10100 | D:6      | Learned a level 1 spell: Infusion
 10103 | D:6      | Learned a level 2 spell: Shroud of Golubria
 10106 | D:6      | Learned a level 2 spell: Song of Slaying
 10151 | D:7      | Learned a level 3 spell: Regeneration
 10155 | D:7      | Learned a level 3 spell: Spectral Weapon
 10175 | D:7      | Found Ywnisuo's Weapon Boutique.
 10187 | D:7      | Noticed Prince Ribbit
 10222 | D:7      | Killed Prince Ribbit
 10496 | D:7      | Found a bloodstained altar of Trog.
 10497 | D:7      | Found an iron altar of Okawaru.
 10884 | D:7      | HP: 2/98 [killer bee (9)]
 11903 | D:7      | Found an oddly glowing altar of Pakellas.
 11928 | D:7      | Found Kaipn's Magic Scroll Emporium.
 11933 | D:7      | Bought a scroll of identify for 28 gold pieces
 11933 | D:7      | Bought a scroll of enchant armour for 105 gold pieces
 11933 | D:7      | Bought a scroll of remove curse for 42 gold pieces
 11960 | D:7      | Reached skill level 10 in Maces & Flails
 12220 | D:7      | Found Bif Imma's Weapon Shoppe.
 12221 | D:7      | Found Bikk's Magic Scroll Boutique.
 12225 | D:7      | Bought a scroll of identify for 20 gold pieces
 12225 | D:7      | Bought a scroll of identify for 20 gold pieces
 12225 | D:7      | Bought a scroll of identify for 20 gold pieces
 12225 | D:7      | Bought a scroll of identify for 20 gold pieces
 12225 | D:7      | Bought a scroll of teleportation for 30 gold pieces
 12225 | D:7      | Bought a scroll of enchant weapon for 75 gold pieces
 12225 | D:7      | Bought a scroll of identify for 20 gold pieces
 12225 | D:7      | Bought a scroll of identify for 20 gold pieces
 12225 | D:7      | Bought a scroll of teleportation for 30 gold pieces
 12274 | D:7      | Noticed Joseph
 12290 | D:7      | Killed Joseph
 12290 | D:7      | Reached skill level 10 in Fighting
 12290 | D:7      | Reached XP level 10. HP: 48/110 MP: 10/23
 12608 | D:8      | Noticed Grum
 12622 | D:8      | Reached skill level 1 in Throwing
 12631 | D:8      | Mangled by Grum

Skill      XL: |  1  2  3  4  5  6  7  8  9 10 |
---------------+-------------------------------+-----
Fighting       | 1 2 3 4 5 6 8 10 | 10.2
Maces & Flails | 1 2 3 4 5 6 8 10 | 10.6
Spellcasting   | 3 4 5 7 9 |  9.2
Throwing       | 1 |  1.0
Dodging        | |  1.7
Stealth        | |  1.5
Conjurations   | |  0.6
Air Magic      | |  2.1

Action                   |  1- 3 |  4- 6 |  7- 9 | 10-12 || total
-------------------------+-------+-------+-------+-------++-------
Melee: Club              |    92 |       |       |       ||    92
       Unarmed           |     6 |       |       |       ||     6
       Mace              |    33 |   122 |    35 |       ||   190
       Flail             |       |       |   265 |    15 ||   280
       Dagger            |       |       |     3 |       ||     3
 Fire: Hunting sling     |       |     1 |       |       ||     1
Throw: Tomahawk          |       |       |     6 |       ||     6
       Stone             |       |       |     1 |       ||     1
 Cast: Shock             |    42 |   105 |   124 |     1 ||   272
       Repel Missiles    |       |     1 |     2 |       ||     3
       Static Discharge  |       |    10 |    12 |       ||    22
       Song of Slaying   |       |       |     9 |     1 ||    10
       Shroud of Golubri |       |       |     2 |     1 ||     3
       Infusion          |       |       |     1 |       ||     1
Invok: Potion Petition   |       |       |     1 |       ||     1
  Use: Scroll            |     8 |     4 |    11 |       ||    23
       Potion            |       |     2 |    12 |       ||    14
 Stab: Sleeping          |     4 |     1 |       |       ||     5
       Invisible         |       |       |     1 |       ||     1
  Eat: Chunk             |     5 |    11 |    14 |       ||    30
       Fruit             |       |       |     6 |       ||     6
       Bread ration      |       |       |     2 |       ||     2
Armor: Robe              |    55 |    39 |    69 |     3 ||   166
       Skin              |       |       |    16 |       ||    16
Dodge: Dodged            |    70 |   124 |   172 |     6 ||   372
       Deflected         |       |       |     3 |       ||     3
